 Dungeon Crawl Stone Soup version 0.30.0-13-g156ef70053 (webtiles) character file.

Game seed: 12243606956020405557

20 browni3141 the Firebug (level 2, -2/19 HPs)
             Began as a Demonspawn Fire Elementalist on May 17, 2023.
             Slain by a kobold
             ... wielding a +3 whip of electrocution
              (15 damage)
             ... on level 1 of the Dungeon.
             The game lasted 00:00:44 (717 turns).

browni3141 the Firebug (DsFE)                        Turns: 717, Time: 00:00:45

Health: -2/19      AC:  2    Str:  8    XL:     2   Next: 58%
Magic:  4/5        EV: 12    Int: 16    God:
Gold:   72         SH:  0    Dex: 13    Spells: 4/5 levels left

rFire   . . .        q - staff of death
rCold   . . .        (no shield)
rNeg    + . .        a - +0 robe
rPois   .            (no helmet)
rElec   .            (no cloak)
rCorr   .            (no gloves)
SInv    .            (no boots)
Will    .....        (no amulet)
Stlth   ++           (no ring)
HPRegen 0.23/turn    (no ring)
MPRegen 0.18/turn

%: no passive effects
@: no status effects
A: magic regeneration
a: no special abilities


You were on level 1 of the Dungeon.
You visited 1 branch of the dungeon, and saw 1 of its levels.

You collected 72 gold pieces.

Inventory:

Missiles
 T - 2 boomerangs
Armour
 a - a +0 robe (worn)
Magical Staves
 q - a staff of death (weapon)
Scrolls
 r - a scroll of teleportation {unknown}
 U - a scroll of magic mapping {unknown}
Potions
 m - a potion of magic
 n - a potion of lignification {unknown}
 o - a potion of mutation {unknown}
 p - a potion of degeneration {unknown}


   Skills:
 + Level 2.0 Dodging
 + Level 2.1 Stealth
 + Level 2.2 Spellcasting
 + Level 1.4 Conjurations
 + Level 2.9 Fire Magic


You had 4 spell levels left.
You knew the following spells:

 Your Spells              Type           Power      Damage    Failure   Level
z - Foxfire               Conj/Fire      32%        2x1d5     9%          1

Your spell library contained the following spells:

 Spells                   Type           Power      Damage    Failure   Level
 Scorch                   Fire           22%        2d5       10%         2
 Inner Flame              Hex/Fire       6%         N/A       32%         3
 Volatile Blastmotes      Fire/Tloc      12%        2d11      32%         3
 Flame Wave               Conj/Fire      8%         2d5       63%         4


Dungeon Overview and Level Annotations

Branches:
Dungeon (1/15)

Altars:


Innate Abilities, Weirdness & Mutations

You regenerate magic rapidly.


Message History

You now have 55 gold pieces (gained 12).
Found an escape hatch in the floor.
Found a stone staircase leading down.
You now have 72 gold pieces (gained 17).
r - a scroll labelled JOKEUNL AHUIF A frilled lizard comes into view.
A frilled lizard is nearby!
A frilled lizard is nearby!
Found a stone staircase leading down.
A frilled lizard is nearby!
A frilled lizard is nearby!
You conjure some foxfire!
You conjure some foxfire!
The frilled lizard hisses angrily.
The foxfire hits the frilled lizard.
The frilled lizard is heavily wounded.
You conjure some foxfire!
The foxfire hits the frilled lizard.
You kill the frilled lizard!
Your foxfire dissipates!
Your foxfire dissipates! x2
Key pressed, stopping explore.
T - 2 boomerangs
U - a scroll labelled MOERCH MEIKKEO A kobold comes into view.
It is wielding a +0 short sword.
A kobold is nearby!
A kobold is nearby!
A kobold is nearby!
The kobold shouts!
The kobold throws a stone.
The stone barely misses you.
You conjure some foxfire!
The foxfire hits the kobold.
You kill the kobold!
You conjure some foxfire!
You conjure some foxfire!
Your foxfire dissipates!
Your foxfire dissipates! x4
Things that are here:
a +0 short sword; a stone; a kobold corpse A kobold comes into view.
It is wielding a +0 club.
A kobold is nearby!
A kobold is nearby!
A kobold is nearby!
A kobold is nearby!
A rat comes into view.
The helpless rat fails to defend itself.
You hit the rat.
You kill the rat!
The helpless kobold fails to defend itself.
You hit the kobold but do no damage. The kobold hits you with a +0 club.
You miss the kobold. The kobold misses you.
You barely miss the kobold. The kobold hits you with a +0 club.
You hit the kobold but do no damage. The kobold hits you but does no damage.
The kobold hits you with a +0 club.
You hit the kobold.
The kobold is moderately wounded.
The kobold hits you with a +0 club.
You hit the kobold.
You kill the kobold!
A hobgoblin comes into view.
The hobgoblin shouts!
A hobgoblin is nearby!
A hobgoblin is nearby!
The hobgoblin hits you.
You hit the hobgoblin.
The hobgoblin is lightly wounded.
The hobgoblin closely misses you.
You conjure some foxfire!
The hobgoblin hits you.
You conjure some foxfire!
The foxfire hits the hobgoblin but does no damage.
The hobgoblin is lightly wounded.
The hobgoblin hits you.
Your foxfire dissipates!
The foxfire hits the hobgoblin.
The hobgoblin is heavily wounded.
The foxfire hits the hobgoblin but does no damage.
The hobgoblin is heavily wounded.
The hobgoblin hits you.
A hobgoblin is nearby!
You are too injured to fight recklessly!
Casting: Foxfire (safe; 9% risk of failure)
Press: ? - help, Q - select action, (/) - cycle Dir - look around, f - activate You conjure some foxfire!
The hobgoblin barely misses you.
You hit the hobgoblin but do no damage.
The hobgoblin is heavily wounded.
The foxfire hits the hobgoblin.
You kill the hobgoblin!
Your foxfire dissipates!
You see here 7 stones.
There is an escape hatch in the floor here.
A kobold comes into view.
It is wielding a +3 whip of electrocution.
A kobold is nearby!
A kobold is nearby!
A kobold is nearby!
A kobold is nearby!
The kobold hits you with a +3 whip of electrocution.
You conjure some foxfire!
The kobold hits you with a +3 whip of electrocution.
You are electrocuted!
Ouch! That really hurt!
You die...

#.###..#####..#
#...#....#....#.#
#########+#####.# #.#
#.# ### #.# .. #.#
################v#######
...............v@......#
##.#.#####.#.###K#####.#
# #.###.## #.#.# #.# #.#
# .## ##.# #.#.# #.#
###.# # #.###.####.#.#
#.. ...# #
...#.......>.# ### #..#
# .....#..##.### #..# #
###..#..##.# #..# #
#..#..##.# #..# #.#####


You could see a kobold (ally target).

Vanquished Creatures
  A dart slug (D:1)
  2 endoplasms (D:1)
  3 goblins (D:1)
  4 hobgoblins (D:1)
  2 kobolds (D:1)
  2 bats (D:1)
  A frilled lizard (D:1)
  A rat (D:1)
16 creatures vanquished.

Vanquished Creatures (others)
  42 foxfires (D:1)
42 creatures vanquished.

Grand Total: 58 creatures vanquished

Notes
Turn   | Place    | Note
-------+----------+-------------------------------------------
     0 | D:1      | browni3141 the Demonspawn Fire Elementalist began the quest
                  | for the Orb.
     0 | D:1      | Reached XP level 1. HP: 13/13 MP: 3/3
   167 | D:1      | Found a faded altar of an unknown god.
   222 | D:1      | Gained mutation: You regenerate magic rapidly. [demonic
                  | ancestry]
   222 | D:1      | Reached XP level 2. HP: 16/19 MP: 1/5
   717 | D:1      | Slain by a kobold

Illustrated notes

Levels and vault maps discovered:
D:1:      dpeg_arrival_tiny_b, layout_loops_ring,
          shapermc_ecumenical_altar_notcrosses

Skill      XL: |  1  2 |
---------------+-------+-----
Stealth        | 2 |  2.1
Dodging        | 2 |  2.0
Spellcasting   | |  2.2
Conjurations   | |  1.4
Fire Magic     | |  2.9

Action                     || total
---------------------------++-------
  Melee: Staff             ||    27
         Punch             ||     2
   Cast: Foxfire           ||    25
   Stab: Sleeping          ||     4
 Armour: Robe              ||     2
  Dodge: Dodged            ||    16
